 Dungeon Crawl Stone Soup version 0.26.1-11-gd32895ea62 (webtiles) character file.

Game seed: 5680363741041445691

170 McKennaii the Conjurer (level 5, -3/28 HPs)
             Began as a Deep Elf Conjurer on May 16, 2021.
             Slain by an orc wizard
             ... wielding a +0 dagger
              (4 damage)
             ... on level 3 of the Dungeon.
             The game lasted 00:01:45 (2993 turns).

McKennaii the Conjurer (Deep Elf Conjurer)          Turns: 2993, Time: 00:01:46

Health: -3/28      AC:  2    Str:  4    XL:     5   Next: 26%
Magic:  0/14       EV: 13    Int: 24    God:
Gold:   92         SH:  0    Dex: 13    Spells: 13/14 levels left

rFire    . . .     SeeInvis .   j - staff of poison
rCold    . . .     Faith    .   (no shield)
rNeg     . . .     Spirit   .   a - +0 robe
rPois    +         Reflect  .   (no helmet)
rElec    .         Harm     .   (no cloak)
rCorr    .         Rampage  .   (no gloves)
Will     .....                  (no boots)
Stlth    ++........             (no amulet)
HPRegen  0.09/turn              (no ring)
MPRegen  0.14/turn              (no ring)

@: no status effects
A: no striking features
a: no special abilities


You were on level 3 of the Dungeon.
You visited 1 branch of the dungeon, and saw 3 of its levels.

You collected 92 gold pieces.

Inventory:

Armour
 a - a +0 robe (worn)
Magical Staves
 j - an uncursed staff of poison (weapon)
Jewellery
 k - a +4 ring of protection {unknown}
Scrolls
 c - 4 scrolls of immolation {unknown}
 d - a scroll of fear {unknown}
 g - a scroll of remove curse {unknown}
 h - 4 scrolls of teleportation {unknown}
 i - 2 scrolls of identify {unknown}
Potions
 b - 2 potions of flight {unknown}
 e - a potion of magic {unknown}
 f - 2 potions of curing {unknown}


   Skills:
 + Level 2.6 Dodging
 + Level 2.7 Stealth
 * Level 5.2 Spellcasting
 * Level 6.1 Conjurations


You had 13 spell levels left.
You knew the following spells:

 Your Spells              Type           Power        Failure   Level
a - Magic Dart            Conj           100%         1%          1

Your spell library contained the following spells:

 Spells                   Type           Power        Failure   Level
 Searing Ray              Conj           70%          1%          2
 Dazzling Flash           Conj/Hex       40%          8%          3
 Fulminant Prism          Conj/Hex       10%          24%         4
 Iskenderun's Mystic Bla  Conj/Tloc      20%          24%         4


Dungeon Overview and Level Annotations

Branches:
Dungeon (3/15)

Altars:
Hepliaklqana
Trog


Message History

Casting: Magic Dart (safe; 1% risk of failure)
Confirm with . or Enter, or press ? or * to list all spells.
Aiming: Magic Dart (safe; 1% risk of failure)
Press: ? - help, Shift-Dir - straight line, f/p - orc wizard
Aim: an orc wizard, wielding a +0 dagger and wearing a +0 robe (fast, 0% to evade)
The magic dart hits the orc wizard.
The orc wizard is lightly wounded.
The orc wizard hits you but does no damage.
Casting: Magic Dart (safe; 1% risk of failure)
Confirm with . or Enter, or press ? or * to list all spells.
Aiming: Magic Dart (safe; 1% risk of failure)
Press: ? - help, Shift-Dir - straight line, f/p - orc wizard
Aim: an orc wizard, wielding a +0 dagger and wearing a +0 robe (lightly wounded, fast, 0% to evade)
The magic dart hits the orc wizard.
The orc wizard is heavily wounded.
The orc wizard casts a spell at you. The magic dart hits you!
* * * LOW HITPOINT WARNING * * *
The orc wizard hits you with a +0 dagger.
You die...

#..(.# ####### ##....#
#...... .....# #......
#....# #...... ##
#....###..†... ..
#....#........
..###.######.###.#......
...o)oo@........).......
..###....#..####.#......
##...#.## ##.#......
##..#.####..####.##
#.......#.## #.#
###..##...#####.#
#..##......##.#
#........#..#.#
.........##.#.#


You could see an orc wizard (fast) and 2 orcs.

Vanquished Creatures
  An orc wizard (D:3)
  2 adders
  2 oozes
  4 dart slugs
  5 leopard geckos
  An orc (D:3)
  A ball python (D:1)
  4 giant cockroaches
  8 goblins
  15 hobgoblins
  19 jackals
  5 bats
  6 frilled lizards
  10 kobolds
  6 rats
89 creatures vanquished.

Notes
Turn   | Place    | Note
-------+----------+-------------------------------------------
     0 | D:1      | McKennaii the Deep Elf Conjurer began the quest for the
                  | Orb.
     0 | D:1      | Reached XP level 1. HP: 10/10 MP: 6/6
   279 | D:1      | Reached XP level 2. HP: 15/15 MP: 5/8
   642 | D:1      | Reached skill level 5 in Conjurations
   647 | D:1      | Reached XP level 3. HP: 19/19 MP: 2/10
  1457 | D:2      | Reached XP level 4. HP: 24/24 MP: 6/11
  1623 | D:2      | Found a hazy altar of Hepliaklqana.
  1929 | D:2      | Found a bloodstained altar of Trog.
  2982 | D:3      | Reached skill level 5 in Spellcasting
  2982 | D:3      | Reached XP level 5. HP: 28/28 MP: 9/14
  2989 | D:3      | Reached skill level 6 in Conjurations
  2993 | D:3      | HP: 1/28 [orc wizard/magic dart (9)]
  2993 | D:3      | Slain by an orc wizard

Illustrated notes

Levels and vault maps discovered:
D:1:      minmay_arrival_five_plusses, layout_loops_ring, dk_noncrumbling_2,
          minmay_misc_feat_diagonals, minmay_crystal_water
D:2:      layout_basic, nicolae_overflow_hidden_temple,
          nzn_hepliaklqana_mist_gate, moated_statue
D:3:      layout_rooms, cheibrodos_ashenzari_chains, grunt_temple_overflow_open,
          uniq_natasha

Skill      XL: |  1  2  3  4  5 |
---------------+----------------+-----
Conjurations   | 5 6 |  6.1
Spellcasting   | 5 |  5.2
Dodging        | |  2.6
Stealth        | |  2.7

Action                   |  1- 3 |  4- 6 || total
-------------------------+-------+-------++-------
 Cast: Magic Dart        |    72 |    92 ||   164
Armor: Robe              |       |     2 ||     2
Dodge: Dodged            |     2 |     9 ||    11
